 Dungeon Crawl Stone Soup version 0.21.1-1-g345015f (webtiles) character file.

918 inc the Changer (level 8, -4/53 HPs)
             Began as an Octopode Transmuter on June 10, 2018.
             Was an Initiate of Makhleb.
             Slain by an ice beast (5 damage)
             ... on level 5 of the Dungeon.
             The game lasted 00:07:28 (4805 turns).

inc the Changer (Octopode Transmuter)               Turns: 4805, Time: 00:07:28

Health: -4/53      AC:  1    Str:  9    XL:     8   Next: 9%
Magic:  18/20      EV: 15    Int: 17    God:    Makhleb [......]
Gold:   229        SH:  3    Dex: 13    Spells: 5/11 levels left

rFire    . . .     SeeInvis .     - Unarmed
rCold    . . .     Gourm    .   (no shield)
rNeg     . . .     Faith    .   (helmet restricted)
rPois    .         Spirit   .   q - +3 amulet of reflection
rElec    .         Reflect  +   i - ring of magical power
rCorr    .         Harm     .   (no ring)
MR       .....                  (no ring)
Stlth    ++........             (no ring)
HPRegen  0.17/turn              (no ring)
MPRegen  0.17/turn              (no ring)
                                (no ring)
                                (no ring)

@: appendage
A: almost no armour, stealthy swim, amphibious, 8 rings, constrict 8, tentacle
spike 3, camouflage 1, gelatinous body 1
a: End Transformation, Renounce Religion


You were on level 5 of the Dungeon.
You worshipped Makhleb.
Makhleb was noncommittal.
You were not hungry.
One of your tentacles had a temporary spike.
You visited 1 branch of the dungeon, and saw 5 of its levels.

You collected 229 gold pieces.

Inventory:

Missiles
 a - 29 arrows
Jewellery
 i - a ring of magical power (left tentacle)
 q - a +3 amulet of reflection (around mantle)
Wands
 n - a wand of acid (9)
Scrolls
 e - 4 scrolls of identify
 f - 3 scrolls of teleportation {unknown}
 j - a scroll of random uselessness {unknown}
 k - a scroll of amnesia {unknown}
 l - 2 scrolls of noise {unknown}
 o - a scroll of remove curse {unknown}
 s - 2 scrolls of blinking {unknown}
Potions
 d - 2 potions of cancellation
 h - 5 potions of curing
 m - a potion of haste {unknown}
 p - 2 potions of mutation {unknown}
 r - 3 potions of brilliance {unknown}
Books
 b - a book of Changes

   Spells                             Type                      Level
   a - Beastly Appendage              Transmutation                1
   b - Sticks to Snakes               Transmutation                2
   c - Spider Form                    Transmutation/Poison         3
   d - Ice Form                       Ice/Transmutation            4
   e - Blade Hands                    Transmutation                5
Comestibles
 c - 6 rations
 g - 2 chunks of flesh


   Skills:
 - Level 3.6 Fighting
 - Level 4.0 Dodging
 - Level 3.0 Unarmed Combat
 - Level 2.0 Spellcasting
 + Level 7.6 Transmutations


You had 5 spell levels left.
You knew the following spells:

 Your Spells              Type           Power        Failure   Level  Hunger
a - Beastly Appendage     Tmut           ####..       1%          1    #......
b - Sticks to Snakes      Tmut           ####....     1%          2    ###....
c - Spider Form           Tmut/Pois      ##........   12%         3    ###....


Dungeon Overview and Level Annotations

Branches:
Dungeon (5/15)
 Temple: D:4-7

Altars:
Ashenzari
Makhleb
Nemelex Xobeh
Qazlal
Ru

Shops:
D:4 :


Innate Abilities, Weirdness & Mutations

You cannot wear most types of armour.
You are very stealthy in the water. (Stealth+)
You are amphibious.
You can wear up to eight rings at the same time.
You can use your tentacles to constrict eight enemies at once.
Your skin changes colour to match your surroundings (Stealth+).
Your rubbery body absorbs attacks. (AC +1, EV +1)
One of your tentacles bears a large vicious spike.


Message History

The ice beast is moderately wounded.
The ice beast hits you. The ice beast freezes you.
You tentacle-slap the ice beast.
You pierce the ice beast, but do no damage.
The ice beast is heavily wounded.
The ice beast misses you.
You tentacle-slap the ice beast but do no damage.
You squeeze the ice beast.
The ice beast is heavily wounded.
The ice beast hits you.
* * * LOW HITPOINT WARNING * * *
The ice beast freezes you!
* * * LOW HITPOINT WARNING * * *
Okay, then.
Casting: Beastly Appendage
Confirm with . or Enter, or press ? or * to list all spells.
You create 2 snakes!
You now have 29 arrows.
The ice beast hits you.
* * * LOW HITPOINT WARNING * * *
The ice beast freezes you.
You die...

#>.....................
#######.##########.#####..
...........# #.# #.#
#######.#######..... ...#
#<.......... ...##.#
#.#.#####.## .. #..
####..S.......#.# #..
##.......S........ #..
...!...@#####..... #..
#......Y..# .#. ....
#.......### ##.. .........
#.. .......$.. ...##.#####
... #. .# #. #.


You could see an ice beast and 2 friendly adders.

Vanquished Creatures
  An orc warrior (D:3)
  A phantom (D:4)
  2 ogres (D:4)
  2 scorpions
  A howler monkey (D:5)
  A crimson imp (D:4)
  4 hounds
  An orc priest (D:4)
  4 worker ants (D:4)
  3 adders
  A howler monkey skeleton (D:4)
  A white imp (D:4)
  An ooze (D:5)
  3 worms
  6 dart slugs
  6 leopard geckos
  4 orcs
  10 bats
  6 giant cockroaches
  11 goblins
  8 hobgoblins
  5 jackals
  2 quokkas
  2 frilled lizards (D:3)
  A jackal skeleton (D:4)
  6 kobolds
  A leopard gecko skeleton (D:5)
  7 rats
101 creatures vanquished.

Notes
Turn   | Place    | Note
-------+----------+-------------------------------------------
     0 | D:1      | inc the Octopode Transmuter began the quest for the Orb.
     0 | D:1      | Reached XP level 1. HP: 13/13 MP: 3/3
   452 | D:1      | Reached XP level 2. HP: 18/18 MP: 5/5
   484 | D:1      | Learned a level 2 spell: Sticks to Snakes
   579 | D:1      | Reached skill level 3 in Transmutations
   773 | D:1      | Reached XP level 3. HP: 22/23 MP: 6/6
  1255 | D:2      | You fall through a shaft for 2 floors!
  1266 | D:4      | Reached skill level 4 in Transmutations
  1266 | D:4      | Reached XP level 4. HP: 22/28 MP: 7/7
  1278 | D:4      | Learned a level 3 spell: Spider Form
  1362 | D:4      | Reached XP level 5. HP: 15/35 MP: 8/8
  2009 | D:4      | Noticed an ogre
  2031 | D:4      | Killed an ogre
  2031 | D:4      | Reached XP level 6. HP: 42/42 MP: 9/9
  2220 | D:4      | Noticed an orc warrior
  2401 | D:3      | Found a faded altar of an unknown god.
  3506 | D:3      | Killed an orc warrior
  3506 | D:3      | Reached skill level 5 in Transmutations
  3506 | D:3      | Reached XP level 7. HP: 15/46 MP: 10/10
  3807 | D:4      | Found Mucvin's Book Emporium.
  3816 | D:4      | Found a shattered altar of Ashenzari.
  3816 | D:4      | Found a sparkling altar of Nemelex Xobeh.
  3819 | D:4      | Found a sacrificial altar of Ru.
  3868 | D:4      | Reached skill level 6 in Transmutations
  4163 | D:4      | Found a burning altar of Makhleb.
  4165 | D:4      | Found a stormy altar of Qazlal.
  4571 | D:5      | Entered Level 5 of the Dungeon
  4587 | D:5      | Reached skill level 7 in Transmutations
  4694 | D:5      | Reached XP level 8. HP: 47/53 MP: 11/11
  4777 | D:4      | Became a worshipper of Makhleb the Destroyer
  4805 | D:5      | HP: 1/53 [ice beast (5)]
  4805 | D:5      | Slain by an ice beast

Skill      XL: |  1  2  3  4  5  6  7 |
---------------+----------------------+-----
Transmutations | 3 4 5 7 |  7.6
Fighting       | 2 3 |  3.6
Dodging        | 3 4 |  4.0
Unarmed Combat | |  3.0
Spellcasting   | |  2.0

Action                   |  1- 3 |  4- 6 |  7- 9 || total
-------------------------+-------+-------+-------++-------
Melee: Unarmed           |    79 |   153 |   121 ||   353
       Constrict         |    20 |    46 |    13 ||    79
       Tentacles         |    11 |    26 |    21 ||    58
       Punch             |     5 |     3 |       ||     8
       Kick              |     1 |     8 |     7 ||    16
 Cast: Beastly Appendage |     1 |     2 |     4 ||     7
       Sticks to Snakes  |       |     2 |     1 ||     3
       Spider Form       |       |     2 |     5 ||     7
  Use: Scroll            |       |     3 |       ||     3
       Potion            |       |       |     2 ||     2
 Stab: Sleeping          |     8 |     9 |     1 ||    18
  Eat: Chunk             |       |     8 |     3 ||    11
       Ration            |       |       |     1 ||     1
Armor: Skin              |     9 |     5 |     5 ||    19
Dodge: Dodged            |    39 |    95 |    68 ||   202
Block: Other             |       |     2 |     8 ||    10
